Map: Pylon LE

Players

Mixu - Winner!

  • Race: Zerg Zerg
  • League: Master
  • Spawn Location: 11:00

LunaSea

  • Race: Protoss Protoss
  • Spawn Location: 5:00

Event: HomeStory Cup XXVII

VOD

Have the link to the VOD?

Description

Time

  • Played on: June 27, 2025, 3:05 p.m.
  • Length: 8:07

All games in this series

Show
View Real Time Build Order
Export as new Build Order

Mixu Zerg - Winner!

Build Orders: Hatch First 

Get SALT Encoding   

  12  0:00  Drone  
  13  0:08  Drone  
  14  0:14  Drone, Extractor  
  15  0:21  Overlord  
  15  0:40  Drone  
  15  0:42  Drone  
  17  0:51  Hatchery  
  17  0:52  Drone  
  17  0:56  Drone  
  18  1:06  Extractor  
  18  1:10  Spawning Pool  
  16  1:14  Drone  
  16  1:18  Drone  
  18  1:26  Drone  
  19  1:36  Drone  
  20  1:48  Drone  
  21  1:59  Overlord  
  21  2:02  Queen x2  
  21  2:03  Drone  
  26  2:10  Metabolic Boost  
  26  2:11  Zergling x2  
  26  2:13  Drone  
  28  2:20  Drone  
  29  2:25  Drone  
  30  2:31  Drone  
  30  2:36  Drone  
  32  2:37  Hatchery  
  32  2:43  Overlord  
  31  2:45  Drone  
  31  2:51  Queen  
  32  2:54  Drone  
  32  2:57  Drone  
  36  3:05  Drone  
  37  3:10  Drone  
  37  3:11  Drone x3  
  41  3:14  Overlord  
  41  3:19  Drone  
  42  3:22  Queen  
  44  3:32  Overlord  
  44  3:33  Drone  
  45  3:35  Drone  
  45  3:36  Roach Warren  
  45  3:42  Drone x4  
  45  3:46  Lair  
  45  3:47  Drone x2  
  50  3:49  Drone  
  50  3:52  Zergling x4  
  53  3:58  Drone x2  
  53  4:00  Extractor  
  54  4:05  Drone  
  54  4:08  Drone  
  56  4:12  Drone x3  
  56  4:14  Overlord  
  56  4:15  Spore Crawler  
  56  4:16  Zergling x2, Spore Crawler  
  56  4:17  Zergling x4  
  60  4:18  Zergling x2  
  61  4:25  Extractor  
  61  4:27  Drone x3  
  63  4:34  Drone x3  
  66  4:39  Overlord  
  66  4:42  Overlord  
  66  4:44  Roach x4  
  73  4:46  Overseer  
  73  4:50  Drone  
  73  4:54  Overlord  
  73  4:58  Drone x5  
  73  4:59  Glial Reconstitution  
  78  5:06  Roach x3  
  84  5:08  Overlord  
  84  5:09  Roach  
  84  5:11  Roach  
  88  5:15  Roach x2  
  92  5:22  Extractor, Roach x3  
  92  5:26  Overlord  
  96  5:30  Drone x3  
  96  5:33  Extractor  
  98  5:39  Drone x7  
  98  5:40  Overseer  
  105  5:43  Overlord x2  
  105  5:47  Roach  
  105  5:48  Roach x3  
  113  5:56  Overlord  
  113  6:04  Overseer  
  113  6:06  Overseer  
  113  6:09  Roach x7  
  126  6:19  Roach x2  
  126  6:22  Hatchery  
  128  6:27  Roach x2  
  132  6:33  Overlord x2  
  132  6:44  Roach  
  132  6:51  Roach x2  
  126  6:55  Roach x6  
  134  7:04  Roach x4  
  140  7:09  Roach x2  
  140  7:18  Roach x3  
  146  7:28  Roach  
  146  7:32  Drone, Overlord x2  
  146  7:35  Roach x2  
  147  7:44  Roach x4  
Show
View Real Time Build Order
Export as new Build Order

LunaSea Protoss 

Build Orders: 1 Gate Expand, Dark Templar Rush 

Get SALT Encoding   

  12  0:00  Probe  
  13  0:12  Probe  
  14  0:18  Pylon  
  14  0:24  Probe  
  15  0:33  Probe  
  15  0:40  Gateway  
  15  0:41  Probe  
  17  0:50  Assimilator  
  17  0:51  Probe  
  18  1:03  Probe  
  19  1:15  Probe  
  20  1:30  Nexus  
  20  1:38  Cybernetics Core  
  20  1:41  Probe  
  21  1:48  Assimilator  
  21  1:53  Probe  
  22  2:00  Pylon  
  22  2:05  Probe  
  23  2:09  Adept  
  23  2:15  Warp Gate  
  23  2:21  Twilight Council  
  25  2:24  Probe  
  26  2:36  Probe, Stalker  
  27  2:39  Probe  
  30  2:47  Probe  
  30  2:48  Probe  
  32  2:57  Probe  
  32  3:00  Probe  
  32  3:02  Dark Shrine  
  34  3:09  Probe  
  34  3:11  Probe  
  36  3:16  Gateway  
  36  3:17  Probe  
  36  3:19  Probe  
  36  3:25  Probe  
  36  3:26  Pylon  
  38  3:28  Probe  
  38  3:29  Sentry  
  42  3:35  Probe  
  42  3:38  Probe  
  44  3:47  Probe  
  45  3:50  Probe  
  46  3:59  Nexus  
  46  4:01  Pylon  
  46  4:03  Probe  
  46  4:04  Probe  
  48  4:10  Assimilator  
  48  4:12  Assimilator  
  48  4:15  Dark Templar x2  
  52  4:19  Probe  
  52  4:20  Probe  
  52  4:22  Shadow Stride  
  54  4:25  Shield Battery  
  54  4:31  Probe  
  54  4:32  Probe  
  56  4:43  Probe  
  56  4:44  Probe  
  58  4:52  Dark Templar x2  
  60  4:58  Pylon  
  62  5:01  Gateway, Blink  
  62  5:02  Gateway  
  62  5:10  Probe x2  
  64  5:16  Probe  
  65  5:22  Probe x2  
  65  5:25  Dark Templar  
  65  5:26  Dark Templar  
  65  5:28  Probe  
  72  5:31  Assimilator  
  72  5:32  Assimilator  
  72  5:34  Probe x2  
  74  5:40  Probe  
  75  5:47  Gateway, Probe  
  75  5:48  Probe  
  75  5:49  Gateway x2  
  77  5:52  Probe  
  77  5:53  Gateway  
  78  5:59  Probe  
  79  6:05  Probe  
  79  6:09  Stalker x2  
  84  6:12  Pylon  
  82  6:20  Stalker  
  82  6:23  Pylon  
  76  6:27  Stalker  
  76  6:31  Shield Battery  
  76  6:32  Stalker x2  
  80  6:33  Shield Battery  
  80  6:35  Shield Battery  
  80  6:39  Pylon  
  80  6:45  Stalker x3  
  80  6:46  Stalker  
  78  6:58  Stalker x2  
  71  7:04  Probe, Stalker x3  
  54  7:20  Stalker  
  45  7:29  Stalker x2  
  44  7:30  Stalker x3  
  44  7:33  Pylon  
  45  7:39  Probe  
  45  7:43  Stalker  
  43  7:53  Stalker x4  
Tags
 
Add a new tag
Caveats
  • Supply blocks, unpowered buildings, or Contaminate may cause inaccurate times.
  • Supply counts are checked every 10 seconds.